 Dungeon Crawl Stone Soup version 0.27.0-1-g7a089689b8 (webtiles) character file.

Game seed: 6897064091251503636

84 mandarbmax the Insei (level 4, -1/25 HPs)
             Began as a Kobold Transmuter on Aug 7, 2021.
             Slain by a gnoll (3 damage)
             ... on level 2 of the Dungeon.
             The game lasted 00:03:52 (2887 turns).

mandarbmax the Insei (Kobold Transmuter)            Turns: 2887, Time: 00:03:53

Health: -1/25      AC:  2    Str:  7    XL:     4   Next: 74%
Magic:  7/7        EV: 15    Int: 15    God:
Gold:   93         SH:  0    Dex: 15    Spells: 1/7 levels left

rFire    . . .     SeeInvis .     - Unarmed
rCold    . . .     Faith    .   (shield restricted)
rNeg     . . .     Spirit   .   a - +0 robe
rPois    .         Reflect  .   (helmet currently unavailable)
rElec    .         Harm     .   (no cloak)
rCorr    .         Rampage  .   (no gloves)
Will     .....                  (boots currently unavailable)
Stlth    ++........             (no amulet)
HPRegen  0.08/turn              (no ring)
MPRegen  0.10/turn              (no ring)

@: appendages (expiring)
A: horns 2, talons 2, small, no large weapons, nightstalker 3
a: End Transformation


You were on level 2 of the Dungeon.
You had temporarily grown beastly horns and talons.
You visited 1 branch of the dungeon, and saw 3 of its levels.

You collected 93 gold pieces.

Inventory:

Armour
 a - a +0 robe (worn)
Wands
 e - a wand of iceblast (11)
Scrolls
 c - a scroll of identify {unknown}
 f - a scroll of teleportation {unknown}
Potions
 b - a potion of might {unknown}
 d - a potion of heal wounds {unknown}


   Skills:
 - Level 1.1 Fighting
 + Level 3.5 Dodging
 - Level 4.0 Unarmed Combat
 - Level 2.1 Spellcasting
 * Level 3.0 Transmutations


You had one spell level left.
You knew the following spells:

 Your Spells              Type           Power      Damage    Failure   Level
a - Beastly Appendage     Tmut           20%        N/A       6%          1
b - Wereblood             Tmut           10%        N/A       10%         2
c - Spider Form           Tmut/Pois      3%         N/A       34%         3

Your spell library contained the following spells:

 Spells                   Type           Power      Damage    Failure   Level
 Ice Form                 Ice/Tmut       6%         N/A       75%         4


Dungeon Overview and Level Annotations

Branches:
Dungeon (3/15)

Altars:


Innate Abilities, Weirdness & Mutations

You have temporarily grown beastly horns and talons.
You are small and have problems with some larger weapons.
You are completely attuned to the shadows.


Message History

The gnoll closely misses you.
A gnoll comes into view. It is wielding a +0 club.
You barely miss the gnoll. You claw the gnoll.
The gnoll is heavily wounded.
The gnoll closely misses you.
You hit the gnoll. Your kick misses the gnoll.
The gnoll is heavily wounded.
The gnoll misses you.
You hit the gnoll. You punch the gnoll, but do no damage.
The gnoll is almost dead.
The gnoll hits you with a +0 flail! The gnoll closely misses you.
You hit the gnoll.
You kill the gnoll!
The gnoll closely misses you. x2; The gnoll misses you.
Your Transmutations skill increases to level 3!
You hit the gnoll but do no damage. The gnoll closely misses you.
The gnoll hits you with a +0 club. The gnoll hits you with a +0 whip!
* * * LOW HITPOINT WARNING * * *
You are too injured to fight recklessly!
You are too injured to fight recklessly!
You are too injured to fight recklessly!
You are too injured to fight recklessly!
You are too injured to fight recklessly!
You are too injured to fight recklessly!
You are too injured to fight recklessly!
You are too injured to fight recklessly!
You are too injured to fight recklessly!
You are too injured to fight recklessly!
You are too injured to fight recklessly!
Unknown command.
The gnoll barely misses you.
There is a stone staircase leading up here.
Your transformation is almost over.
The gnoll misses you. The gnoll hits you with a +0 whip.
* * * LOW HITPOINT WARNING * * *
The gnoll barely misses you.
You climb upwards.
There is a stone staircase leading down here.
The gnoll hits you with a +0 club.
You die...

.############.#.#.#
.## #.#.#.# .÷#
#.....# ..#########
###.####
....#.(.†.# #....##
..#.#.....# #..#..#
..........#
##.###.##
.##.#.....#
#..g#...#
.##.#.....#
#.#@g.#.#
....#######
#....##.# #####
#.#####.# # ###
#.#####.# # ##.##
#.......# # ##.#.##
#.####### ##
##.###.## #.#
.###.#####.###.#
...............#


You could see 2 gnolls.

Vanquished Creatures
  A gnoll (D:3)
  2 adders (D:2)
  A worm (D:2)
  2 dart slugs
  3 endoplasms
  2 giant cockroaches
  2 goblins
  4 hobgoblins
  5 jackals
  2 quokkas (D:1)
  3 ball pythons
  10 bats
  2 frilled lizards (D:2)
  4 kobolds
  6 rats
49 creatures vanquished.

Notes
Turn   | Place    | Note
-------+----------+-------------------------------------------
     0 | D:1      | mandarbmax the Kobold Transmuter began the quest for the
                  | Orb.
     0 | D:1      | Reached XP level 1. HP: 12/12 MP: 3/3
   115 | D:1      | Reached XP level 2. HP: 12/16 MP: 3/5
   663 | D:1      | Learned a level 2 spell: Wereblood
   702 | D:1      | Reached skill level 4 in Unarmed Combat
   702 | D:1      | Reached XP level 3. HP: 20/20 MP: 2/6
  1738 | D:2      | Reached XP level 4. HP: 25/25 MP: 5/7
  1981 | D:2      | Learned a level 3 spell: Spider Form
  2887 | D:2      | Slain by a gnoll

Illustrated notes

Levels and vault maps discovered:
D:1:      dpeg_arrival_erosion, layout_basic
D:2:      layout_loops_cross, minmay_3d_cube
D:3:      minmay_roachtagon, layout_rooms, eat_drink_and_be_merry_uskayaw,
          serial_co_window_serial, co_window_of_opportunity_a,
          co_window_paths_a, co_window_paths_a, co_window_of_opportunity_a,
          co_window_of_opportunity_a, co_window_paths_b, co_window_corner_a,
          co_window_broadway_c, co_window_broadway_a, co_window_2corner,
          co_window_2corner, co_window_2corner, glass_columns_c,
          glass_columns_c, glass_columns_b, basic_ecumenical_altar,
          serial_shops, shop_fountains, glass_columns_a,
          minmay_misc_feat_encased, kennysheep_generic_room_14

Skill      XL: |  1  2  3  4 |
---------------+-------------+-----
Unarmed Combat | 4 |  4.0
Dodging        | 3 |  3.5
Transmutations | 3 |  3.0
Fighting       | |  1.1
Spellcasting   | |  2.1

Action                   |  1- 3 |  4- 6 || total
-------------------------+-------+-------++-------
Melee: Unarmed           |   101 |    39 ||   140
       Kick              |    18 |     7 ||    25
       Headbutt          |     8 |     1 ||     9
       Punch             |       |     2 ||     2
 Cast: Beastly Appendage |    29 |     7 ||    36
       Wereblood         |     2 |     1 ||     3
       Spider Form       |       |     6 ||     6
  Use: Potion            |     2 |       ||     2
       Scroll            |     1 |       ||     1
 Stab: Sleeping          |     4 |     3 ||     7
Armor: Robe              |    24 |     5 ||    29
       Skin              |       |     2 ||     2
Dodge: Dodged            |   124 |    28 ||   152
